Description

Replay - aLive v jjakji: Game 3 - 프록시마 정거장 - 래더

Build Order

Get SALT Encoding   

  12  0:00  SCV  
  13  0:12  SCV  
  14  0:17  Supply Depot  
  14  0:24  SCV  
  15  0:39  SCV  
  15  0:41  Barracks  
  16  0:45  Refinery  
  16  0:51  SCV  
  16  0:54  Refinery  
  17  1:03  SCV  
  18  1:15  SCV  
  19  1:28  Marine  
  19  1:30  Orbital Command  
  20  1:35  Factory  
  20  1:46  Marine  
  21  1:54  Supply Depot  
  21  1:59  SCV  
  22  2:04  Barracks Reactor  
  22  2:11  SCV  
  22  2:18  Starport  
  22  2:20  Widow Mine  
  24  2:25  SCV  
  25  2:38  SCV  
  25  2:39  Supply Depot  
  25  2:41  Marine x2  
  28  2:51  SCV  
  29  2:54  Medivac  
  31  3:00  Cyclone  
  31  3:02  Marine x2  
  35  3:11  Supply Depot  
  36  3:14  SCV  
  37  3:24  Viking  
  39  3:32  Marine x2  
  39  3:33  SCV  
  42  3:38  Cyclone  
  45  3:45  SCV  
  45  3:46  Supply Depot  
  46  4:04  Starport Tech Lab  
  46  4:16  SCV, Command Center  
  47  4:22  Raven  
  49  4:28  SCV  
  47  4:38  Marine x2  
  47  4:40  SCV  
  47  4:42  Factory Tech Lab  
  47  4:44  Supply Depot  
  50  4:56  Marine x2  
  50  4:57  SCV  
Spawning Tool Build Advisor. Get it on Overwolf

Go to:

Details

  • Created by: sandriver
  • Published on: Apr 03, 2017
  • Modified on: Apr 03, 2017
  • Patch: 3.8.0
Show
View Real Time Build Order
Export as new Build Order

Comments (0)

There are no comments. Be the first!

Create an account to comment!